3AAA
SUNSET DISTRICT FOG @ HAMILTON COYOTES
06/22/2030
 
TOP OF THE 1ST
Sunset District Fog batting - Pitching for Hamilton Coyotes : RHP Manny Castro
Pitching: RHP Manny Castro
Batting: SHB Orlando Villa 0-0: Called Strike
0-1: Ball
1-1: Called Strike
1-2: Strikes out swinging
Batting: RHB Colin O'Connell 0-0: Ball
1-0: Ball
2-0: Called Strike
2-1: Called Strike
2-2: Fly out, F8 (Flyball, 8RM)
Batting: LHB Armando Carmona 0-0: Ball
1-0: Fly out, F7 (Flyball, 7D)
Top of the 1st over - 0 runs, 0 hits, 0 errors, 0 left on base; Sunset District 0 - Hamilton 0
BOTTOM OF THE 1ST
Hamilton Coyotes batting - Pitching for Sunset District Fog : RHP Brian Walker
Pitching: RHP Brian Walker
Batting: LHB Ken Stroud 0-0: Called Strike
0-1: Ball
1-1: Foul Ball, location: 2F
1-2: Ground out 4-3 (Groundball, 4)
Batting: RHB Duane Wills 0-0: Ball
1-0: Fly out, F4 (Line Drive, 4M)
Batting: LHB José Gómez 0-0: Swinging Strike
0-1: Foul Ball, location: 2F
0-2: Strikes out swinging
Bottom of the 1st over - 0 runs, 0 hits, 0 errors, 0 left on base; Sunset District 0 - Hamilton 0
TOP OF THE 2ND
Sunset District Fog batting - Pitching for Hamilton Coyotes : RHP Manny Castro
Batting: RHB Alfonso Nazario 0-0: Called Strike
0-1: Called Strike
0-2: Ball
1-2: Strikes out swinging
Batting: RHB Simon Yusaf Khel 0-0: Called Strike
0-1: Ball
1-1: Fly out, F7 (Flyball, 7S)
Batting: LHB Enrique Vásquez 0-0: Ball
1-0: DOUBLE (Flyball, 78D)
Batting: RHB José Vargas 0-0: Called Strike
0-1: Ball
1-1: Ball
2-1: Ball
3-1: Called Strike
3-2: Base on Balls
Batting: RHB Diego Rodríguez 0-0: Swinging Strike
0-1: Ball
1-1: Swinging Strike
1-2: Ball
2-2: Foul Ball, location: 2F
2-2: Strikes out swinging
Top of the 2nd over - 0 runs, 1 hit, 0 errors, 2 left on base; Sunset District 0 - Hamilton 0
BOTTOM OF THE 2ND
Hamilton Coyotes batting - Pitching for Sunset District Fog : RHP Brian Walker
Batting: LHB Mike Gardner 0-0: Ball
1-0: SOLO HOME RUN (Flyball, 9D), Distance : 347 ft
Batting: RHB Noel Wells 0-0: Fly out, F7 (Flyball, 7S)
Batting: RHB Jesús Soto 0-0: Ball
1-0: Ball
2-0: Ball
3-0: Base on Balls
Batting: RHB Markus Thompson 0-0: Ball
1-0: Called Strike
1-1: Called Strike
1-2: Ball
2-2: 2-RUN HOME RUN (Flyball, 9D), Distance : 359 ft
Batting: RHB Warren Martin 0-0: Ball
1-0: Called Strike
1-1: Foul Ball, location: 2F
1-2: Foul Ball, location: 2F
1-2: Foul Ball, location: 2F
1-2: Ball
2-2: Ball
3-2: Fly out, F8 (Flyball, 8RD)
Batting: LHB Andrés Chávez 0-0: Ball
1-0: Called Strike
1-1: Ball
2-1: Foul Ball, location: 2F
2-2: Ball
3-2: Ground out U3 (Groundball, 34)
Bottom of the 2nd over - 3 runs, 2 hits, 0 errors, 0 left on base; Sunset District 0 - Hamilton 3
TOP OF THE 3RD
Sunset District Fog batting - Pitching for Hamilton Coyotes : RHP Manny Castro
Batting: SHB Esteban Lugo 0-0: Ball
1-0: Foul Ball, location: 2F
1-1: Ball
2-1: Foul Ball, location: 2F
2-2: Foul Ball, location: 2F
2-2: Foul Ball, location: 2F
2-2: Fly out, F8 (Flyball, 8RS)
Batting: SHB Orlando Villa 0-0: Ball
1-0: Called Strike
1-1: Foul Ball, location: 2F
1-2: Foul Ball, location: 2F
1-2: Ground out 6-3 (Groundball, 6)
Batting: RHB Colin O'Connell 0-0: Foul Ball, location: 2F
0-1: Hit by Pitch
Batting: LHB Armando Carmona 0-0: Ball
1-0: Ball
2-0: Called Strike
2-1: Foul Ball, location: 2F
2-2: Ball
3-2: 2-RUN HOME RUN (Flyball, 9D), Distance : 354 ft
Batting: RHB Alfonso Nazario 0-0: Ground out 5-3 (Groundball, 56)
Top of the 3rd over - 2 runs, 1 hit, 0 errors, 0 left on base; Sunset District 2 - Hamilton 3
BOTTOM OF THE 3RD
Hamilton Coyotes batting - Pitching for Sunset District Fog : RHP Brian Walker
Batting: LHB Ken Stroud 0-0: Called Strike
0-1: Foul Ball, location: 2F
0-2: Ball
1-2: Ball
2-2: Ground out 6-3 (Groundball, 6)
Batting: RHB Duane Wills 0-0: Foul Ball, location: 2F
0-1: Ball
1-1: Foul Ball, location: 2F
1-2: Fly out, F8 (Line Drive, 8RS)
Batting: LHB José Gómez 0-0: Swinging Strike
0-1: Ball
1-1: Fly out, F7 (Flyball, 78D)
Bottom of the 3rd over - 0 runs, 0 hits, 0 errors, 0 left on base; Sunset District 2 - Hamilton 3
TOP OF THE 4TH
Sunset District Fog batting - Pitching for Hamilton Coyotes : RHP Manny Castro
Batting: RHB Simon Yusaf Khel 0-0: SINGLE (Groundball, 6D)
Batting: LHB Enrique Vásquez 0-0: Ball
1-0: Called Strike
1-1: Ball
2-1: Foul Ball, location: 2F
2-2: Ball
3-2: Strikes out swinging
Batting: RHB José Vargas 0-0: Swinging Strike
0-1: Swinging Strike
0-2: Foul Ball, location: 2F
0-2: Ball
1-2: Strikes out swinging
Batting: RHB Diego Rodríguez 0-0: Ball
1-0: Foul Ball, location: 2F
1-1: Ball
2-1: Ball
3-1: Fielders Choice at 2nd, 6-4 (Groundball, 6)
Top of the 4th over - 0 runs, 1 hit, 0 errors, 1 left on base; Sunset District 2 - Hamilton 3
BOTTOM OF THE 4TH
Hamilton Coyotes batting - Pitching for Sunset District Fog : RHP Brian Walker
Batting: LHB Mike Gardner 0-0: Ball
1-0: Called Strike
1-1: Called Strike
1-2: Fly out, F4 (Flyball, 4D)
Batting: RHB Noel Wells 0-0: SOLO HOME RUN (Flyball, 78XD), Distance : 390 ft
Batting: RHB Jesús Soto 0-0: Called Strike
0-1: Foul Ball, location: 2F
0-2: Ball
1-2: SINGLE (Line Drive, 89S)
Batting: RHB Markus Thompson 0-0: Called Strike
0-1: Ball
1-1: Ball
2-1: 2-RUN HOME RUN (Flyball, 7LD), Distance : 349 ft
Batting: RHB Warren Martin 0-0: Ball
1-0: Ball
2-0: Swinging Strike
2-1: Swinging Strike
2-2: Ball
3-2: Strikes out swinging
Batting: LHB Andrés Chávez 0-0: Called Strike
0-1: Called Strike
0-2: Strikes out swinging
Bottom of the 4th over - 3 runs, 3 hits, 0 errors, 0 left on base; Sunset District 2 - Hamilton 6
TOP OF THE 5TH
Sunset District Fog batting - Pitching for Hamilton Coyotes : RHP Manny Castro
Batting: SHB Esteban Lugo 0-0: Ball
1-0: Swinging Strike
1-1: Called Strike
1-2: Ball
2-2: Foul Ball, location: 2F
2-2: Foul Ball, location: 2F
2-2: SINGLE (Groundball, 4MD)
Batting: SHB Orlando Villa 0-0: Called Strike
0-1: Swinging Strike
0-2: Fly out, F6 (Popup, 6)
Batting: RHB Colin O'Connell 0-0: Swinging Strike
0-1: Called Strike
0-2: Strikes out swinging
Batting: LHB Armando Carmona 0-0: Ball
1-0: Ball
2-0: Called Strike
2-1: DOUBLE (Line Drive, 89XD)
Esteban Lugo to third
Runner from 3rd tries for Home, SAFE, no throw
Batting: RHB Alfonso Nazario 0-0: Called Strike
0-1: Foul Ball, location: 2F
0-2: Ball
1-2: Ball
2-2: Ball
3-2: Base on Balls
Batting: RHB Simon Yusaf Khel 0-0: Called Strike
0-1: Foul Ball, location: 2F
0-2: Foul Ball, location: 2F
0-2: Ball
1-2: Ball
2-2: SINGLE (Groundball, 4D)
Armando Carmona to third
Alfonso Nazario to second
Runner from 3rd tries for Home, SAFE, no throw
Batting: LHB Enrique Vásquez 0-0: Called Strike
0-1: Foul Ball, location: 2F
0-2: Ball
1-2: Ball
2-2: Ball
3-2: Strikes out swinging
Top of the 5th over - 2 runs, 3 hits, 0 errors, 2 left on base; Sunset District 4 - Hamilton 6
BOTTOM OF THE 5TH
Hamilton Coyotes batting - Pitching for Sunset District Fog : RHP Brian Walker
Batting: LHB Ken Stroud 0-0: Foul Ball, location: 2F
0-1: Swinging Strike
0-2: Foul Ball, location: 2F
0-2: Fly out, F6 (Line Drive, 6)
Batting: RHB Duane Wills 0-0: Called Strike
0-1: TRIPLE (Groundball, 3L)
Batting: LHB José Gómez 0-0: Foul Ball, location: 2F
0-1: DOUBLE (Flyball, 8LXD)
Duane Wills scores
Pitching: LHP Felipe Lozano
Batting: LHB Mike Gardner 0-0: Called Strike
0-1: Ball
1-1: SINGLE (Line Drive, 34)
José Gómez to third
Batting: RHB Noel Wells 0-0: Ball
1-0: SINGLE (Flyball, 78M)
José Gómez scores
Mike Gardner to second
Batting: RHB Jesús Soto 0-0: Ball
1-0: Called Strike
1-1: SINGLE (Groundball, 56D)
Mike Gardner to third
Noel Wells to second
Batting: RHB Markus Thompson 0-0: Called Strike
0-1: Ball
1-1: Foul Ball, location: 2F
1-2: Foul Ball, location: 2F
1-2: Ball
2-2: Ball
3-2: Base on Balls
Mike Gardner scores
Noel Wells to third
Jesús Soto to second
Batting: RHB Warren Martin 0-0: Ball
1-0: SINGLE (Groundball, 34S) (infield hit)
Noel Wells scores
Jesús Soto to third
Markus Thompson to second
Batting: LHB Andrés Chávez 0-0: Ball
1-0: Swinging Strike
1-1: Called Strike
1-2: Ball
2-2: Strikes out swinging
Batting: LHB Ken Stroud 0-0: Ball
1-0: Ball
2-0: Ball
3-0: Called Strike
3-1: Base on Balls
Jesús Soto scores
Markus Thompson to third
Warren Martin to second
Batting: RHB Duane Wills 0-0: SINGLE (Groundball, 34D)
Markus Thompson scores
Warren Martin to third
Ken Stroud to second
Runner from 3rd tries for Home, throw and OUT!
Bottom of the 5th over - 6 runs, 7 hits, 0 errors, 2 left on base; Sunset District 4 - Hamilton 12
TOP OF THE 6TH
Sunset District Fog batting - Pitching for Hamilton Coyotes : RHP Manny Castro
Batting: RHB José Vargas 0-0: SINGLE (Line Drive, 34D)
Batting: RHB Diego Rodríguez 0-0: Ball
1-0: Called Strike
1-1: SINGLE (Groundball, 6MD)
José Vargas to second
Runner from 2nd tries for 3rd, SAFE, no throw
Pitching: RHP Dave Wheeler
Batting: SHB Esteban Lugo 0-0: Ball
1-0: Ball
2-0: Ball
3-0: Called Strike
3-1: Base on Balls
Diego Rodríguez to second
Batting: SHB Orlando Villa 0-0: Called Strike
0-1: Foul Ball, location: 2F
0-2: Ball
1-2: Ball
2-2: Ball
3-2: Base on Balls
José Vargas scores
Diego Rodríguez to third
Esteban Lugo to second
Batting: RHB Colin O'Connell 0-0: Swinging Strike
0-1: Swinging Strike
0-2: Ball
1-2: Strikes out swinging
Batting: LHB Armando Carmona 0-0: Foul Ball, location: 2F
0-1: Ball
1-1: Foul Ball, location: 2F
1-2: Foul Ball, location: 2F
1-2: Foul Ball, location: 2F
1-2: Fly out, F9 (Flyball, 9)
Runner from 3rd tags up, SCORES, no throw
Batting: RHB Alfonso Nazario 0-0: Foul Ball, location: 2F
0-1: Ball
1-1: DOUBLE (Line Drive, 8LXD)
Esteban Lugo scores
Orlando Villa to third
Runner from 3rd tries for Home, SAFE, no throw
Batting: RHB Simon Yusaf Khel 0-0: Ball
1-0: Ball
2-0: Ball
3-0: Called Strike
3-1: Base on Balls
Batting: LHB Enrique Vásquez 0-0: Ball
1-0: Ball
2-0: Ball
3-0: Base on Balls
Alfonso Nazario to third
Simon Yusaf Khel to second
Batting: RHB José Vargas 0-0: Swinging Strike
0-1: Called Strike
0-2: Ball
1-2: Fly out, F4 (Line Drive, 4)
Top of the 6th over - 4 runs, 3 hits, 0 errors, 3 left on base; Sunset District 8 - Hamilton 12
BOTTOM OF THE 6TH
Hamilton Coyotes batting - Pitching for Sunset District Fog : LHP Felipe Lozano
Pitching: RHP Ricardo DePay
Batting: LHB José Gómez 0-0: Ground out 6-3 (Groundball, 56D)
Batting: LHB Mike Gardner 0-0: Ball
1-0: Ball
2-0: Ball
3-0: Base on Balls
Batting: RHB Noel Wells 0-0: Foul Ball, location: 2F
0-1: Swinging Strike
0-2: Ball
1-2: Ball
Wild Pitch!
Mike Gardner to second
2-2: Foul Ball, location: 2F
2-2: Fly out, F8 (Flyball, 8RM)
Batting: RHB Jesús Soto 0-0: Ball
1-0: Ground out U3 (Groundball, 3)
Bottom of the 6th over - 0 runs, 0 hits, 0 errors, 1 left on base; Sunset District 8 - Hamilton 12
TOP OF THE 7TH
Sunset District Fog batting - Pitching for Hamilton Coyotes : RHP Dave Wheeler
Batting: RHB Diego Rodríguez 0-0: Swinging Strike
0-1: Ball
1-1: Fly out, F7 (Line Drive, 78D)
Batting: SHB Esteban Lugo 0-0: SINGLE (Groundball, 13S) (infield hit)
Batting: SHB Orlando Villa 0-0: Grounds into double play, 4-6-3 (Groundball, 4)
Top of the 7th over - 0 runs, 1 hit, 0 errors, 0 left on base; Sunset District 8 - Hamilton 12
BOTTOM OF THE 7TH
Hamilton Coyotes batting - Pitching for Sunset District Fog : RHP Ricardo DePay
Batting: RHB Markus Thompson 0-0: Called Strike
0-1: Ball
1-1: Ball
2-1: Ball
3-1: Base on Balls
Batting: RHB Warren Martin Balk!
Markus Thompson to second
0-0: Ball
1-0: Sac Bunt - play at first, batter OUT! 3-4
Markus Thompson to third
Batting: LHB Andrés Chávez 0-0: Swinging Strike
0-1: Swinging Strike
0-2: Ground out 1-3 (Groundball, P)
Batting: LHB Ken Stroud 0-0: Ball
1-0: Fly out, F8 (Line Drive, 8RD)
Bottom of the 7th over - 0 runs, 0 hits, 0 errors, 1 left on base; Sunset District 8 - Hamilton 12
TOP OF THE 8TH
Sunset District Fog batting - Pitching for Hamilton Coyotes : RHP Dave Wheeler
Batting: RHB Colin O'Connell 0-0: Ball
1-0: Called Strike
1-1: Foul Ball, location: 2F
1-2: Ball
2-2: Strikes out looking
Batting: LHB Armando Carmona 0-0: SINGLE (Flyball, 7S)
Batting: RHB Alfonso Nazario 0-0: 2-RUN HOME RUN (Flyball, 7D), Distance : 480 ft
Pitching: RHP Santiago Paez
Batting: RHB Simon Yusaf Khel 0-0: Called Strike
0-1: Fly out, F7 (Flyball, 7D)
Batting: LHB Enrique Vásquez 0-0: Ball
1-0: Ball
2-0: Ball
3-0: Called Strike
3-1: Ground out 6-3 (Groundball, 56)
Top of the 8th over - 2 runs, 2 hits, 0 errors, 0 left on base; Sunset District 10 - Hamilton 12
BOTTOM OF THE 8TH
Hamilton Coyotes batting - Pitching for Sunset District Fog : RHP Ricardo DePay
Batting: RHB Duane Wills 0-0: Called Strike
0-1: Ground out 4-3 (Groundball, 4M)
Batting: LHB José Gómez 0-0: Swinging Strike
0-1: Called Strike
0-2: Fly out, F6 (Popup, 56D)
Batting: LHB Mike Gardner 0-0: Ball
1-0: Swinging Strike
1-1: Foul Ball, location: 2F
1-2: Strikes out swinging
Bottom of the 8th over - 0 runs, 0 hits, 0 errors, 0 left on base; Sunset District 10 - Hamilton 12
TOP OF THE 9TH
Sunset District Fog batting - Pitching for Hamilton Coyotes : RHP Santiago Paez
Now at 1B: Tommy Sullivan
Now at 2B: Juanito González
Now at SS: Monty Sharp
Now in CF: Robert Hill
Batting: RHB José Vargas 0-0: SINGLE (Groundball, 6MD)
Pinch Hitting: LHB Pedro Tapia 0-0: Ball
1-0: Foul Ball, location: 2F
1-1: Fly out, F7 (Line Drive, 7)
Pinch Hitting: RHB Chad Shafer 0-0: Ball
1-0: Foul Ball, location: 2F
1-1: Foul Ball, location: 2F
1-2: Foul Ball, location: 2F
1-2: Ball
2-2: Foul Ball, location: 2F
2-2: Fly out, F9 (Flyball, 9S)
Batting: SHB Orlando Villa 0-0: Ground out 4-3 (Groundball, 4S)
Top of the 9th over - 0 runs, 1 hit, 0 errors, 1 left on base; Sunset District 10 - Hamilton 12
Sunday, March 18th, 2018 - OOTP Baseball 18.8 Build 76